 Seeded DCSS version 0.30.0-29-ga12c61a403 (webtiles) character file.

Game seed: 18007716519941398942 (custom seed)

4 Dadbod the Shield-Bearer (level 1, 16/18 HPs)
             Began as a Formicid Fighter on June 5, 2023.
             Quit the game on level 1 of the Dungeon.
             The game lasted 00:01:47 (101 turns).

Dadbod the Shield-Bearer (Formicid Fighter)          Turns: 101, Time: 00:01:47

Health: 16/18      AC:  6    Str: 20    XL:     1   Next: 77%
Magic:  1/1        EV:  9    Int:  7    God:
Gold:   0          SH:  5    Dex: 13    Spells: 0/0 levels left

rFire   . . .        a - +0 trident
rCold   . . .        c - +0 buckler
rNeg    . . .        b - +0 scale mail
rPois   .            (helmet unavailable)
rElec   .            (no cloak)
rCorr   .            (no gloves)
SInv    +            (no boots)
Will    .....        (no amulet) Stlth
                     (no ring)
HPRegen 0.23/turn    (no ring)
MPRegen 0.07/turn

%: no passive effects
@: studying Throwing
A: permanent stasis, dig shafts and tunnels, antennae 3, four strong arms
a: Dig, Shaft Self


You were on level 1 of the Dungeon.
You visited 1 branch of the dungeon, and saw 1 of its levels.

Inventory:

Hand Weapons
 a - a +0 trident (weapon)
 f - the +11 halberd "Nauzicog" {speed, rPois rF+ Int+3}
   (You acquired it on level 1 of the Dungeon)

   Int:       It affects your intelligence (+3).
   rF:        It protects you from fire.
   rPois:     It protects you from poison.
Armour
 b - a +0 scale mail (worn)
 c - a +0 buckler (worn)
 e - the +0 plate armour of the Lost Path {rC+}
   (You acquired it on level 1 of the Dungeon)

   rC:        It protects you from cold.
Potions
 d - a potion of might


   Skills:
 + Level 3.4 Fighting
 + Level 2.0 Polearms
 + Level 3.4 Armour
 + Level 4.1 Shields


You couldn't memorise any spells.
You didn't know any spells.
Your spell library was empty.

Dungeon Overview and Level Annotations

Branches:
Dungeon (1/15)

Altars:


Innate Abilities, Weirdness & Mutations

You cannot be hasted, slowed, berserked, paralysed or teleported.
You can dig through walls and to a lower floor.
You have a pair of large antennae on your head. (SInv)
Your four strong arms can wield two-handed weapons with a shield.


Message History

You sense a monster nearby.
A goblin comes into view. It is wielding a +0 dagger.
You see here a scroll labelled UNKIPPOYZU.
A goblin is nearby!
You puncture the goblin!
You kill the goblin!
You see here a +0 dagger.
An endoplasm and a frilled lizard come into view.
Found 3 scrolls labelled DICAOL JAOKK.
The endoplasm quivers.
The frilled lizard hisses angrily.
You hit the endoplasm.
You kill the endoplasm!
The frilled lizard bites you.
You miss the frilled lizard. The frilled lizard closely misses you.
You block the frilled lizard's attack.
You barely miss the frilled lizard. You block the frilled lizard's attack.
You closely miss the frilled lizard. The frilled lizard closely misses you.
You barely miss the frilled lizard. The frilled lizard closely misses you.
The frilled lizard bites you but does no damage.
You miss the frilled lizard. The frilled lizard bites you.
You closely miss the frilled lizard. The frilled lizard closely misses you.
You miss the frilled lizard.
The frilled lizard bites you but does no damage.
You closely miss the frilled lizard. The frilled lizard bites you.
You miss the frilled lizard. The frilled lizard bites you.
The frilled lizard barely misses you.
You miss the frilled lizard. The frilled lizard bites you.
You puncture the frilled lizard!
You kill the frilled lizard!
You see here a frilled lizard corpse.
e - 3 scrolls labelled DICAOL JAOKK This is a scroll of acquirement!
You see here a manual of Throwing.
Something appears at your feet!
You pick up a manual of Throwing and begin studying.
Something appears at your feet!
f - the +11 halberd "Nauzicog" {speed, rPois rF+ Int+3} Something appears at your feet!
e - the +0 plate armour of the Lost Path {rC+} Are you sure you want to abandon this character and quit the game? (Confirm with "yes".)

###..#.#####
.....†......
..##.#.#####
.# #.#.# .
#.# # #.#
#.# #######
#.# #.....#
###.#####
#.# #@#
#......)#
#.# #.#
#.#.##.##
#.# #.#
#.#..#.#
##.###.#{ #
##.#.#
#...)..#
.#.#
#.?###†# {
.#.# #..#
#.# .#.#
#..# ### #.#
#..#


There were no monsters in sight!

Vanquished Creatures
  An endoplasm (D:1)
  A goblin (D:1)
  A hobgoblin (D:1)
  A frilled lizard (D:1)
4 creatures vanquished.

Notes
Turn   | Place    | Note
-------+----------+-------------------------------------------
     0 | D:1      | Dadbod the Formicid Fighter began the quest for the Orb.
     0 | D:1      | Reached XP level 1. HP: 18/18 MP: 1/1
    95 | D:1      | Identified 3 scrolls of acquirement
    95 | D:1      | Acquired a manual of Throwing
    97 | D:1      | Acquired the +11 halberd "Nauzicog" {speed, rPois rF+
                  | Int+3}
    99 | D:1      | Acquired the +0 plate armour of the Lost Path {rC+}
   101 | D:1      | Quit the game

Illustrated notes

Levels and vault maps discovered:
D:1:      psy_arrival_dodecagon, layout_basic,
          dreamdust_ecumenical_altar_sealed_demon

Action                     || total
---------------------------++-------
  Melee: Trident           ||    15
    Use: Scroll            ||     3
 Armour: Scale mail        ||     2
  Dodge: Dodged            ||     5
  Block: Buckler           ||     2
